 Dungeon Crawl Stone Soup version 0.27-a0-277-g024f7ef292 (webtiles) character file.

Game seed: 9118276015571200855

77 KristoblXynda the Ducker (level 4, 0/34 HPs)
             Began as a Vampire Gladiator on Feb 5, 2021.
             Slain by Grinder (7 damage)
             ... on level 3 of the Dungeon.
             The game lasted 00:02:43 (1584 turns).

KristoblXynda the Ducker (Vampire Gladiator)        Turns: 1584, Time: 00:02:44

Health: 0/34       AC:  8    Str: 14    XL:     4   Next: 14%
Magic:  4/4        EV: 13    Int: 10    God:
Gold:   136        SH:  0    Dex: 15    Spells: 3/3 levels left

rFire    . . .     SeeInvis +   a - +0 long sword
rCold    . . .     Faith    .   (no shield)
rNeg     . . .     Spirit   .   b - +0 leather armour
rPois    .         Reflect  .   c - +0 helmet
rElec    .         Harm     .   (no cloak)
rCorr    .         Rampage  .   m - +0 pair of gloves
Will     .....                  k - +2 pair of boots
Stlth    +.........             (no amulet)
HPRegen  0.31/turn              (no ring)
MPRegen  0.09/turn              (no ring)

@: berserk cooldown, regenerating quickly, slowed, very slow
A: fangs 3, see invisible, unbreathing
a: Exsanguinate


You were on level 3 of the Dungeon.
You visited 1 branch of the dungeon, and saw 3 of its levels.

You collected 136 gold pieces.

Inventory:

Hand Weapons
 a - a +0 long sword (weapon)
Missiles
 d - 2 throwing nets (quivered)
Armour
 b - a +0 leather armour (worn)
 c - a +0 helmet (worn)
 k - a +2 pair of boots (worn)
 l - a +1 ring mail of positive energy
 m - a +0 pair of gloves (worn)
Jewellery
 n - an uncursed ring of ice
Wands
 s - a wand of digging (2)
Scrolls
 f - a scroll of teleportation
 o - 3 scrolls of remove curse
 p - a scroll of immolation
Potions
 h - a potion of flight {unknown}
 i - a potion of haste {unknown}
 j - a potion of curing
 r - a potion of lignification {unknown}


   Skills:
 + Level 2.5 Fighting
 + Level 3.6 Long Blades
 - Level 2.0 Throwing
 + Level 0.7 Armour
 + Level 3.9 Dodging


You had 3 spell levels left.
You didn't know any spells.
Your spell library was empty.

Dungeon Overview and Level Annotations

Branches:
Dungeon (3/15)

Altars:

Annotations:
D:3 Grinder


Innate Abilities, Weirdness & Mutations

Your natural rate of healing is unusually fast.
You have razor-sharp teeth.
You have supernaturally acute eyesight. (SInv)
You can survive without breathing.


Message History

Unknown command.
It was a potion of berserk rage.
A red film seems to cover your vision as you go berserk!
You feel yourself moving faster!
You feel mighty!
Grinder blinks!
You feel a strong urge to attack something.
You feel your anger nearly subside. Grinder barely misses you.
You hit Grinder.
Grinder is lightly wounded.
You closely miss Grinder.
Grinder is lightly wounded.
You are no longer berserk.
You are exhausted.
You feel yourself slow down. Grinder hits you.
You writhe in agony.
You hit Grinder. You bite Grinder.
Grinder is moderately wounded.
Grinder hits you.
You writhe in agony.
* * * LOW HITPOINT WARNING * * *
Grinder hits you!
You die...

,,,,,*,,,,,*,,......,#......###..
,,,*,*,,,,,*,,,.....,#........#..
,,,*,*,,,,,*,,,,,...*#........#..
,,,*,*,,,,,*,,.####.##........#,,
,###,*,,,,,*,,................#,,
,+<#,*,,,,,*,*.####.#5........#,,
,###,*,,,,,*,*,#....#.........#,,
,,,,,*,,,,,*,*,#.#...K........+,,
******,,,,,*,*,#@#.##.........#**
**,,,,,***,*,*,#5#..#.#####<###
≈*,***,*,,,,,,,#.#..........#
≈*,* *,*,*,*,*,#.####.#####.#
,+,* *,*,*,*,*,#..(...# *,* ≈***
*,*,*,*,**######## *** ≈*
*,*,*,*,,,,,* ** *,*,*,*****,*
******,*,*,,,,,*,****************


You could see Grinder.

Vanquished Creatures
  Natasha (D:2)
  2 worms (D:2)
  2 dart slugs
  2 leopard geckos (D:3)
  3 giant cockroaches
  3 hobgoblins
  8 jackals
  2 kobolds
  A ball python (D:2)
  4 bats
  2 frilled lizards (D:2)
  7 goblins
  4 rats
41 creatures vanquished.

Notes
Turn   | Place    | Note
-------+----------+-------------------------------------------
     0 | D:1      | KristoblXynda the Vampire Gladiator began the quest for the
                  | Orb.
     0 | D:1      | Reached XP level 1. HP: 16/16 MP: 1/1
   334 | D:1      | Reached XP level 2. HP: 18/22 MP: 2/2
   995 | D:2      | Reached XP level 3. HP: 17/27 MP: 3/3
  1318 | D:2      | Noticed Natasha
  1326 | D:2      | Killed Natasha
  1386 | D:2      | Reached XP level 4. HP: 34/34 MP: 4/4
  1524 | D:3      | Noticed Grinder
  1563 | D:3      | Paralysed by Grinder for 5 turns
  1584 | D:3      | Slain by Grinder

Illustrated notes

Levels and vault maps discovered:
D:1:      dpeg_arrival_chambers_temple_mockup, layout_loops_ring, serial_glass,
          glass_columns_c, glass_columns_a
D:2:      layout_basic, uniq_natasha
D:3:      layout_basic, cheibrodos_sewer_entry_bend, kennysheep_generic_room_13,
          uniq_grinder

Skill      XL: |  1  2 |
---------------+-------+-----
Fighting       | 2 |  2.5
Throwing       | 2 |  2.0
Long Blades    | |  3.6
Armour         | |  0.7
Dodging        | |  3.9

Action                   |  1- 3 |  4- 6 || total
-------------------------+-------+-------++-------
Melee: Long sword        |    80 |    25 ||   105
       Bite              |    12 |     3 ||    15
Throw: Throwing net      |       |     1 ||     1
  Use: Scroll            |       |     5 ||     5
       Potion            |       |     3 ||     3
 Stab: Held in net/web   |       |     1 ||     1
Armor: Leather armour    |    29 |     9 ||    38
Dodge: Dodged            |    64 |    22 ||    86
       Rpst.: Long sword |    19 |     4 ||    23

Table legend: (Time is in decaauts)
 A = Elapsed time spent in this place.
 B = Non-inter-level travel time spent in this place.
 C = Inter-level travel time spent in this place.
 D = Time resting spent in this place.
 E = Time spent auto-exploring this place.
 F = Levels seen in this place.
 G = Mean time per level.
                   A        B        C        D        E       F      G
               +--------+--------+--------+--------+--------+-----+--------+
         Total |   1604 |   1456 |    148 |     75 |   1071 |   3 |  534.7 |
       Dungeon |   1604 |   1456 |    148 |     75 |   1071 |   3 |  534.7 |
               +--------+--------+--------+--------+--------+-----+--------+

Top non-repeatable levels by time:
     D:1: 957 daAuts
     D:2: 563 daAuts
     D:3: 82 daAuts
